Construct Infanterie Kompanie
Selects Luftwaffe Battlegroup
Selects Luftwaffe Pioneer Support
Fallschirmpioneer Squad Paradrop
Selects Stuka Strafing Run
Construct Luftwaffe Kompanie
Luftwaffe Officer Quarters
Construct Panzergrenadier Kompanie
Selects Fallschirmjäger Squad Paradrop
Nebelwerfer 42 Rocket Launcher Team
Panzergrenadier Officer Quarters
Fallschirmpioneer Squad Paradrop
Nebelwerfer 42 Rocket Launcher Team